[Event "*** Titled Tuesday Blitz"]
[Site "Chess.com"]
[Date "2020.05.19"]
[Round "4"]
[White "Indianlad"]
[Black "BanjoKazooieN64"]
[Result "1-0"]
[WhiteElo "2935"]
[BlackElo "2538"]
[TimeControl "180+1"]
[EndTime "12:39:46 PDT"]
[Termination "Indianlad won by resignation"]

1. d4 e6 2. Nf3 d5 3. c4 f5 4. g3 c6 5. Bg2 Nf6 6. O-O Ne4 7. b3 Be7 8. Ba3 O-O 9. Bxe7 Qxe7 10. Qc1 Nd7 11. Nc3 Qf6 12. e3 b6 13. a4 a5 14. Ne2 Ba6 15. Nf4 dxc4 16. bxc4 e5 17. Nd3 exd4 18. exd4 c5 19. Nfe5 Rad8 20. Nxd7 Rxd7 21.
d5 Nc3 22. Re1 Qd4 23. Ne5 Re7 24. Qe3 Rfe8 25. Qxd4 cxd4 26. d6 Re6 27. d7 Rf8 28.
Nc6 Ne2+ 29. Kh1 Rxc6 30. Bxc6 Bxc4 31. Rac1 Ba6 32. Bd5+ Kh8 33. Rxe2 1-0

[Event "*** Titled Tuesday Blitz"]
[Site "Chess.com"]
[Date "2020.05.19"]
[Round "4"]
[White "KingChess345"]
[Black "marianokar"]
[Result "0-1"]
[WhiteElo "2215"]
[BlackElo "2417"]
[TimeControl "180+1"]
[EndTime "12:39:46 PDT"]
[Termination "marianokar won by checkmate"]

1. d4 Nf6 2. Nf3 e6 3. g3 d5 4. Bg2 Be7 5. O-O O-O 6. c4 dxc4 7. Qc2 a6 8. Qxc4 b5 9. Qc2 Bb7 10. Bf4 Nd5 11. Nc3 Nxf4 12. gxf4 Nd7 13. e3 c5 14.
Rfd1 Qb6 15. Rac1 Rac8 16. d5 exd5 17. Nxd5 Bxd5 18. Rxd5 Nf6 19. Rd2 c4 20. Ne5 Bb4 21. Rd4 Bc5 22. Rd2 g6 23. Rcd1 Rc7 24. f5 Bxe3 25.
fxe3 Qxe3+ 26. Rf2 Qxe5 27. fxg6 fxg6 28. Rdf1 Kg7 29. Kh1 Rcf7 30. Qd2 h5 31. Qa5 Ng4 32. Rxf7+ Rxf7 33. Rxf7+ Kxf7 34. h3 Qh2# 0-1

[Event "*** Titled Tuesday Blitz"]
[Site "Chess.com"]
[Date "2020.05.19"]
[Round "4"]
[White "MisiekZielony"]
[Black "atwalcb"]
[Result "0-1"]
[WhiteElo "2104"]
[BlackElo "2334"]
[TimeControl "180+1"]
[EndTime "12:39:46 PDT"]
[Termination "atwalcb won on time"]

1. c4 e5 2. Nc3 f5 3. d4 e4 4. a3 Nf6 5. h4 Be7 6. Nh3 d6 7. g3 O-O 8. Bg5 Be6 9. e3 c6 10.
Nf4 Bf7 11. Be2 a5 12. Kf1 Na6 13. Kg2 Nc7 14. Rc1 h6 15. Bxf6 Bxf6 16. h5 Ne6 17.
Nxe6 Bxe6 18. c5 dxc5 19. dxc5 Qxd1 20. Rhxd1 Rfd8 21. Kf1 Kf7 22. Ke1 Ke7 23. Rd2 Bb3 24.
Bd1 Rxd2 25. Kxd2 Rd8+ 26. Ke2 Bxc3 27. Bxb3 Bxb2 28. Rc2 Bxa3 29. Ba2 Bb4 30. f3 exf3+ 31. Kxf3 Rd2 32. g4 fxg4+ 33. Kxg4 Rxc2 0-1

[Event "*** Titled Tuesday Blitz"]
[Site "Chess.com"]
[Date "2020.05.19"]
[Round "4"]
[White "Kolle05"]
[Black "davekoenig"]
[Result "1-0"]
[WhiteElo "2402"]
[BlackElo "2171"]
[TimeControl "180+1"]
[EndTime "12:39:47 PDT"]
[Termination "Kolle05 won by resignation"]

1. e4 e5 2. Nf3 Nc6 3. Bb5 Nf6 4. d3 Ne7 5. Nxe5 c6 6. Nc4 d5 7. e5 dxc4 8. exf6 cxb5 9. fxe7 Qxe7+ 10. Be3 Qb4+ 11.
Nd2 cxd3 12. O-O Bf5 13. cxd3 Bd6 14. Ne4 Bxe4 15. dxe4 Be5 16. Qd5 Bxb2 17. Bc5 Qc4 18. Qxb7 Qxc5 19. Qxa8+ Ke7 20. Qxh8 Bxa1 21. Rxa1 Qd4 22.
Rf1 Qxe4 23. Qxg7 Qe6 24. Qg5+ f6 25. Qxb5 Qxa2 26. Re1+ Kf7 27. Qd7+ Kg6 28. Qe8+ Kh6 29. Qe3+ Kg6 30. Qe4+ Kh6 31. Qf4+ Kg6 32. h4 a5 33. Qg4+ Kh6 34. Re7 Qb1+ 35. Kh2 Qg6 36. Qxg6+ hxg6 37. Ra7 1-0

[Event "*** Titled Tuesday Blitz"]
[Site "Chess.com"]
[Date "2020.05.19"]
[Round "4"]
[White "Margarita2907"]
[Black "mamey78"]
[Result "0-1"]
[WhiteElo "2032"]
[BlackElo "2369"]
[TimeControl "180+1"]
[EndTime "12:39:47 PDT"]
[Termination "mamey78 won by resignation"]

1. d4 d5 2. Nf3 Nf6 3. e3 Bg4 4. Be2 Nbd7 5. h3 Bxf3 6. Bxf3 e5 7. dxe5 Nxe5 8. Be2 Bd6 9. O-O Qe7 10. b3 O-O-O 11.
Bb2 h5 12. Nd2 g5 13. f4 gxf4 14. exf4 Ng6 15. f5 Nh4 16. Nf3 Bc5+ 17. Kh1 Ne4 18. Qe1 Nxf5 19. Be5 Rhg8 20. Kh2 Nfg3 21. b4 Bd6 22. Bxd6 Qxd6 23. Kg1 Qb6+ 24. Kh2 Qd6 25. Kg1 Rde8 26. Qd1 Nxf1 27. Bxf1 Qf6 28. Rb1 Nc3 0-1

[Event "*** Titled Tuesday Blitz"]
[Site "Chess.com"]
[Date "2020.05.19"]
[Round "4"]
[White "ramses135"]
[Black "Kapibara_Warri0r"]
[Result "1-0"]
[WhiteElo "2504"]
[BlackElo "2088"]
[TimeControl "180+1"]
[EndTime "12:39:50 PDT"]
[Termination "ramses135 won by checkmate"]

1. e4 e5 2. Nf3 Nc6 3. Bb5 a6 4. Bxc6 dxc6 5. O-O Bg4 6. h3 h5 7. d3 Qf6 8. Nbd2 g5 9. Re1 Be6 10. Nc4 g4 11. Ng5 gxh3 12. gxh3 Bc5 13. Qf3 Qxf3 14.
Nxf3 f6 15. Be3 Bxe3 16. Rxe3 Ne7 17. Kh2 O-O-O 18. Nh4 Bxc4 19. dxc4 Rd2 20. Rf3 Rxc2 21. Rxf6 Rxb2 22. Rf7 Kd7 23. Rg1 Ke8 24. Rgg7 Kd8 25.
Rxe7 Rxf2+ 26. Kg3 Rxa2 27. Rd7+ Ke8 28. Rge7+ Kf8 29.
Ng6+ Kg8 30. Rg7# 1-0

[Event "*** Titled Tuesday Blitz"]
[Site "Chess.com"]
[Date "2020.05.19"]
[Round "4"]
[White "GMaka"]
[Black "imdarealist"]
[Result "1-0"]
[WhiteElo "2432"]
[BlackElo "2232"]
[TimeControl "180+1"]
[EndTime "12:39:50 PDT"]
[Termination "GMaka won by resignation"]

1. d4 d5 2. Bf4 e6 3. e3 Nf6 4.
c3 Bd6 5. Bg3 O-O 6. Nf3 c5 7. Bd3 Qc7 8. Nbd2 Nbd7 9. O-O Bxg3 10. hxg3 e5 11. Bf5 Re8 12. Rc1 e4 13. Ne1 b6 14.
Nc2 Ba6 15. Bxd7 Qxd7 16. Re1 Ng4 17. dxc5 bxc5 18. Nf1 Qf5 19. Qd2 Ne5 20. b4 Nd3 21. bxc5 Nxc1 22. Rxc1 Rac8 23. Nd4 Qg6 24. c6 Bc4 25. Qb2 Rxc6 26. Nxc6 Qxc6 27. Nd2 Bd3 28.
Nb3 h5 29. Nd4 Qd6 30. Qb4 Re5 31. Qxd6 1-0

[Event "*** Titled Tuesday Blitz"]
[Site "Chess.com"]
[Date "2020.05.19"]
[Round "4"]
[White "Treacherous_horse64"]
[Black "top_bu_tz"]
[Result "0-1"]
[WhiteElo "2403"]
[BlackElo "2238"]
[TimeControl "180+1"]
[EndTime "12:39:50 PDT"]
[Termination "top_bu_tz won on time"]

1. d4 Nf6 2. Nf3 g6 3. Nbd2 Bg7 4. e4 d5 5. e5 Ne4 6. Bd3 Nxd2 7. Bxd2 b6 8. b4 Bb7 9. b5 e6 10. a4 a5 11. O-O c5 12. bxc6 Bxc6 13. Qe2 Qd7 14.
Rfb1 Qc7 15. h4 Nd7 16. h5 O-O 17. g3 f5 18. exf6 Rxf6 19. Bg5 Rxf3 20. Qxf3 Bxd4 21.
hxg6 Rf8 22. gxh7+ Kh8 23. Qe2 Qxg3+ 24. Kh1 Bxf2 0-1

[Event "*** Titled Tuesday Blitz"]
[Site "Chess.com"]
[Date "2020.05.19"]
[Round "4"]
[White "Shushik"]
[Black "stasiek18"]
[Result "1-0"]
[WhiteElo "2107"]
[BlackElo "2361"]
[TimeControl "180+1"]
[EndTime "12:39:50 PDT"]
[Termination "Shushik won on time"]

1. e4 g6 2. d4 Bg7 3. Nc3 a6 4. f4 b5 5. a3 Bb7 6. Nf3 d6 7. Be2 Nd7 8. O-O c5 9. Be3 Ngf6 10. e5 Ng4 11. Qd2 O-O 12. dxc5 dxc5 13. h3 Nxe3 14.
Qxe3 Qc7 15. Rad1 Nb6 16. Rd2 Rfd8 17. Rfd1 Rxd2 18. Qxd2 f6 19. Qe3 Rc8 20. exf6 exf6 21.
Qe6+ Kh8 22. Rd6 b4 23. Na2 Nd5 24. Rxd5 Bxd5 25. Qxd5 Qxf4 26. axb4 cxb4 27. Qd7 Rb8 28. Kf2 f5 29. c3 bxc3 30. Nxc3 h6 31. Nd5 1-0

[Event "*** Titled Tuesday Blitz"]
[Site "Chess.com"]
[Date "2020.05.19"]
[Round "4"]
[White "ALeks_Ivlev"]
[Black "SchmakAttack"]
[Result "1-0"]
[WhiteElo "2600"]
[BlackElo "2436"]
[TimeControl "180+1"]
[EndTime "12:39:51 PDT"]
[Termination "ALeks_Ivlev won on time"]

1. d4 Nf6 2. c4 e6 3. g3 d5 4.
Nf3 dxc4 5. Bg2 c5 6. O-O Nc6 7. e3 Rb8 8. a4 a6 9. Nfd2 cxd4 10. Nxc4 d3 11. Nc3 Bb4 12. Qb3 O-O 13. Rd1 e5 14. Ne4 Nxe4 15. Bxe4 Be6 16. Bxd3 Qe7 17. Qc2 Rbc8 18. Nb6 Rcd8 19. Bxh7+ Kh8 20. Be4 Bc5 21. Nd5 Bxd5 22. Bxd5 Nb4 23. Qb3 e4 24. Bc4 Rxd1+ 25. Qxd1 Rd8 26. Bd2 Nd3 27. Bc3 Ne5 28. Qh5+ 1-0

[Event "*** Titled Tuesday Blitz"]
[Site "Chess.com"]
[Date "2020.05.19"]
[Round "4"]
[White "Pedrada88"]
[Black "GoldenShare"]
[Result "1/2-1/2"]
[WhiteElo "2361"]
[BlackElo "2613"]
[TimeControl "180+1"]
[EndTime "12:39:52 PDT"]
[Termination "Game drawn by repetition"]

1. Nf3 d5 2. g3 Bg4 3. Bg2 Nd7 4. c4 e6 5. O-O Ngf6 6. d3 c6 7. cxd5 exd5 8. h3 Bh5 9. Nc3 Be7 10.
Nh4 Bg6 11. e4 dxe4 12. dxe4 Nc5 13. Nxg6 hxg6 14. e5 Qxd1 15. Rxd1 Nfd7 16. f4 Ne6 17. Ne4 O-O-O 18. Nd6+ Bxd6 19. Rxd6 Ndc5 20. Be3 Rxd6 21. exd6 Rd8 22. b4 Na6 23. b5 cxb5 24. Bxa7 Rxd6 25. Rc1+ Nac7 26. Bf2 Rd2 27. a3 Rd3 28. Bf1 Rxa3 29.
Bxb5 Kb8 30. Bc4 b5 31. Rb1 Kc8 32. Bxb5 Nxb5 33. Rxb5 Kd7 34. Rb7+ Ke8 35. Kg2 Ra2 36. Kf3 Ra3+ 37. Ke2 Kf8 38. Be3 Ke8 39. g4 Ra2+ 40. Kf3 Ra3 41. Ke4 Ra4+ 42. Kf3 Ra3 43. Rb8+ Kd7 44. Rb7+ Ke8 1/2-1/2

[Event "*** Titled Tuesday Blitz"]
[Site "Chess.com"]
[Date "2020.05.19"]
[Round "4"]
[White "Perecke"]
[Black "Yuri202062"]
[Result "0-1"]
[WhiteElo "2265"]
[BlackElo "2451"]
[TimeControl "180+1"]
[EndTime "12:39:52 PDT"]
[Termination "Yuri202062 won on time"]

1. e4 c5 2. Nf3 e6 3. d4 cxd4 4. Nxd4 a6 5. Bd3 Nf6 6. Nc3 d6 7. O-O Nbd7 8. Be3 b5 9. f4 Bb7 10. a3 Rc8 11. Qe2 Be7 12. Rad1 O-O 13. g4 Rxc3 14. bxc3 Nxe4 15. f5 Nxc3 16. Qd2 Nxd1 17.
fxe6 Nxe3 18. exf7+ Rxf7 19. Bxh7+ Kxh7 20. Rxf7 Ne5 21. Ne6 Qg8 22. Qf2 Nf3+ 23. Rxf3 Bxf3 24. Qxe3 Qf7 25. Nf4 Bxg4 0-1

[Event "*** Titled Tuesday Blitz"]
[Site "Chess.com"]
[Date "2020.05.19"]
[Round "4"]
[White "Alexander_Zubov"]
[Black "chito89"]
[Result "1-0"]
[WhiteElo "2951"]
[BlackElo "2730"]
[TimeControl "180+1"]
[EndTime "12:39:53 PDT"]
[Termination "Alexander_Zubov won by resignation"]

1. d4 Nf6 2. c4 e6 3. Nf3 Bb4+ 4. Bd2 a5 5. Nc3 b6 6. Bg5 Bb7 7. Nd2 h6 8. Bh4 d5 9. cxd5 exd5 10. e3 Nbd7 11. Bb5 c6 12. Bd3 O-O 13. O-O Be7 14.
Rc1 c5 15. Bb5 Rc8 16. Qa4 Nb8 17. Rfd1 c4 18. b3 cxb3 19. Qxb3 Na6 20. Bxf6 Bxf6 21. Bxa6 Bxa6 22. Nxd5 Rxc1 23. Rxc1 Bb7 24. Nxf6+ Qxf6 25. Rc7 Ba8 26. f3 Rd8 27. a4 Qd6 28. Qxf7+ 1-0

[Event "*** Titled Tuesday Blitz"]
[Site "Chess.com"]
[Date "2020.05.19"]
[Round "4"]
[White "jlandaw"]
[Black "CHESSMASTER759"]
[Result "0-1"]
[WhiteElo "2474"]
[BlackElo "2651"]
[TimeControl "180+1"]
[EndTime "12:39:53 PDT"]
[Termination "CHESSMASTER759 won on time"]

1. e4 d6 2. Nc3 Nf6 3. g3 g6 4. Bg2 Bg7 5. d3 O-O 6. f4 c5 7. Nf3 Nc6 8. h3 Rb8 9. a3 b5 10. Rb1 a5 11. a4 b4 12. Nb5 Ba6 13. c4 bxc3 14. bxc3 Nd7 15. Bd2 c4 16. d4 Nb6 17. d5 Bxb5 18. Rxb5 Na7 19. Rxa5 Qc7 20. Nd4 Nd7 21. Rxa7 Qxa7 22. Nc6 Qc5 23. Nxe7+ Kh8 24. Nc6 Rb2 25. Qc1 Ra2 26. Be3 Qa3 27. O-O Bxc3 28. a5 Qxc1 29. Rxc1 Ra1 30. Bf1 Rxc1 31. Bxc1 Ra8 32.
Bxc4 Bxa5 33. e5 Bb6+ 34. Kg2 Bc5 35. e6 Nb6 0-1

[Event "*** Titled Tuesday Blitz"]
[Site "Chess.com"]
[Date "2020.05.19"]
[Round "4"]
[White "Rodchenkov_Vitalij"]
[Black "Abund"]
[Result "0-1"]
[WhiteElo "2389"]
[BlackElo "2605"]
[TimeControl "180+1"]
[EndTime "12:39:54 PDT"]
[Termination "Abund won by resignation"]

1. d4 Nf6 2. c4 g6 3. g3 Bg7 4. Bg2 d5 5. cxd5 Nxd5 6. Nf3 Nb6 7. O-O Nc6 8. e3 O-O 9. Nc3 Re8 10. d5 Nb4 11. e4 e6 12. a3 Na6 13.
Nd4 exd5 14. exd5 Nc5 15. Rb1 a5 16. Bf4 c6 17. b4 axb4 18. axb4 Bxd4 19. Qxd4 Ne6 20.
Qd2 Nxf4 21. Qxf4 Nxd5 22. Nxd5 cxd5 23. Rfd1 Be6 24. Qd4 Re7 25. Bxd5 Rd7 26. Bxe6 Rxd4 27. Rxd4 Qxd4 0-1

[Event "*** Titled Tuesday Blitz"]
[Site "Chess.com"]
[Date "2020.05.19"]
[Round "4"]
[White "FeketeBarika"]
[Black "ehrenfeld"]
[Result "0-1"]
[WhiteElo "2264"]
[BlackElo "2435"]
[TimeControl "180+1"]
[EndTime "12:39:54 PDT"]
[Termination "ehrenfeld won by resignation"]

1. Nf3 f5 2. e4 fxe4 3. Ng5 Nc6 4.
d3 e3 5. Bxe3 e5 6. Nc3 Nf6 7.
Nf3 Bb4 8. Be2 d5 9. d4 e4 10.
Ne5 O-O 11. O-O Bd6 12. Nxc6 bxc6 13. f3 exf3 14. Bxf3 Qe8 15. Qd2 Qg6 16. Bf4 Bf5 17. Bxd6 cxd6 18. Rac1 Rae8 19. Ne2 Ne4 20. Bxe4 Bxe4 21.
Ng3 Rxf1+ 22. Kxf1 h5 23. Kg1 h4 24. Nxe4 Rxe4 25.
h3 Qf6 26. c3 Qe7 27. Rc2 Re1+ 28. Kh2 Qe4 29. Qf2 c5 30. dxc5 dxc5 31. Rd2 Qe5+ 32. g3 hxg3+ 33. Qxg3 Rh1+ 34. Kg2 Rg1+ 0-1

[Event "*** Titled Tuesday Blitz"]
[Site "Chess.com"]
[Date "2020.05.19"]
[Round "4"]
[White "hypert"]
[Black "SergioGarciaFuentes"]
[Result "1-0"]
[WhiteElo "2381"]
[BlackElo "2127"]
[TimeControl "180+1"]
[EndTime "12:39:55 PDT"]
[Termination "hypert won by resignation"]

1. e4 e5 2. Nf3 Nf6 3. Nc3 Bb4 4.
Nd5 Nxd5 5. exd5 O-O 6. Bc4 e4 7. Nd4 Qf6 8. Nb3 Re8 9. O-O a5 10. c3 Bd6 11. d4 c6 12. a4 Na6 13. Qh5 Nc7 14. Be3 Qg6 15. Qxg6 hxg6 16. Rae1 cxd5 17.
Be2 b6 18. f3 f5 19. g4 f4 20. fxe4 fxe3 21. e5 Bf8 22. Bd3 Re6 23. Rxe3 Ba6 24.
Nd2 Bxd3 25. Rxd3 d6 26. Nf3 Rae8 27. Ng5 R6e7 28. exd6 Rd7 29. dxc7 Rxc7 30. Rdf3 Be7 31. Ne6 Rc6 32. Nf4 Bg5 33. Nxd5 1-0

[Event "*** Titled Tuesday Blitz"]
[Site "Chess.com"]
[Date "2020.05.19"]
[Round "4"]
[White "florianschwabeneder"]
[Black "Twitch_ElhamBlitz05"]
[Result "0-1"]
[WhiteElo "2508"]
[BlackElo "2756"]
[TimeControl "180+1"]
[EndTime "12:39:56 PDT"]
[Termination "Twitch_ElhamBlitz05 won on time"]

1. e4 c6 2. d4 d5 3. exd5 cxd5 4. Nf3 Nf6 5. Ne5 g6 6. Bb5+ Nbd7 7. O-O Bg7 8. c3 O-O 9. Nxd7 Bxd7 10. Bd3 Bf5 11. Be2 a6 12. Nd2 Nd7 13. Re1 b5 14.
a4 b4 15. a5 bxc3 16. bxc3 Nf6 17. Ba3 Re8 18. Nb3 Ne4 19. Bb4 Qc7 20. Rc1 e5 21. f3 Nd6 22. Nc5 e4 23. Nxa6 Qc6 24. Nc5 exf3 25.
Bxf3 Ne4 26. c4 Rad8 27. Bxe4 dxe4 28. d5 Qc7 29. a6 Bf8 30. Qd4 Rc8 31. Nxe4 Rxe4 32.
Rxe4 Bxb4 33. c5 Bxe4 34. Qxb4 Bxd5 0-1

[Event "*** Titled Tuesday Blitz"]
[Site "Chess.com"]
[Date "2020.05.19"]
[Round "4"]
[White "Onischuk_V"]
[Black "cassoulet"]
[Result "1-0"]
[WhiteElo "2842"]
[BlackElo "2646"]
[TimeControl "180+1"]
[EndTime "12:39:57 PDT"]
[Termination "Onischuk_V won by resignation"]

1. e4 c5 2. Nf3 Nc6 3. Bb5 g6 4. Bxc6 bxc6 5. O-O Bg7 6. Re1 d6 7. c3 Nh6 8. d4 cxd4 9. cxd4 O-O 10. Nc3 Bg4 11. Be3 f6 12. h3 Bxf3 13. Qxf3 Rb8 14.
b3 Nf7 15. Rac1 Qa5 16. Qe2 e5 17. Red1 Rfc8 18. Rc2 f5 19. dxe5 dxe5 20. Na4 Qb5 21. Bxa7 Qxe2 22. Rxe2 Rd8 23. Red2 Rxd2 24. Rxd2 Rb7 25.
Bc5 Bh6 26. Rd1 Ng5 27. exf5 gxf5 28. Rd6 Bg7 29. Rxc6 e4 30. Nb6 h6 31. Nd5 Rd7 32.
Rd6 Rf7 33. Rd8+ Kh7 34. Be3 Ne6 35. Re8 Nf8 36. Re7 Rxe7 37. Nxe7 Ne6 38. Nxf5 Bf8 39. a4 Kg6 40. Ng3 Bc5 41. Nxe4 Bxe3 42. fxe3 Kf5 43.
Nc3 Nc5 44. b4 Nd3 45. b5 Ne5 46. a5 Nc4 47. a6 Nb6 48. e4+ Ke5 49. Nd5 Kd4 50.
Nxb6 1-0

[Event "*** Titled Tuesday Blitz"]
[Site "Chess.com"]
[Date "2020.05.19"]
[Round "4"]
[White "Koalaskakistis"]
[Black "NicoChasin"]
[Result "1-0"]
[WhiteElo "2483"]
[BlackElo "2626"]
[TimeControl "180+1"]
[EndTime "12:39:57 PDT"]
[Termination "Koalaskakistis won by checkmate"]

1. f4 e5 2. fxe5 d6 3. exd6 Bxd6 4. Nf3 Nf6 5. g3 O-O 6. Bg2 Nc6 7. O-O Re8 8. Nc3 a6 9. d4 Bg4 10. Bg5 h6 11. Bxf6 Qxf6 12. Ne5 Qg5 13. Nxg4 Qxg4 14. e4 Qxd1 15. Raxd1 Rad8 16. e5 Bb4 17. Bxc6 bxc6 18. Ne4 f5 19. Nf2 c5 20. c3 Ba5 21. dxc5 c6 22.
Nd3 g6 23. Nf4 Rxd1 24. Rxd1 Rxe5 25. Nxg6 Re2 26. b4 Bc7 27. Nh4 Be5 28. Rd3 Rxa2 29. Nxf5 a5 30. Ne7+ Kf7 31. Nxc6 Bf6 32. Nxa5 Ke6 33.
Nc6 Rc2 34. b5 Bxc3 35. b6 Be5 36. Nxe5 Kxe5 37. b7 Rb2 38. c6 Ke4 39. Rd1 Kf3 40. c7 Rxb7 41. c8=Q Rb2 42. Qf5+ Ke3 43. Rd3+ Ke2 44.
Qf3+ Ke1 45. Rd1# 1-0

[Event "*** Titled Tuesday Blitz"]
[Site "Chess.com"]
[Date "2020.05.19"]
[Round "4"]
[White "AnkitGajwa"]
[Black "Oneofmyturns"]
[Result "0-1"]
[WhiteElo "2440"]
[BlackElo "2613"]
[TimeControl "180+1"]
[EndTime "12:39:59 PDT"]
[Termination "Oneofmyturns won by resignation"]

1. d4 Nf6 2. c4 e6 3. Nc3 d5 4. Nf3 Be7 5. Bf4 O-O 6. e3 c5 7. dxc5 Bxc5 8. Qc2 Nc6 9. Rd1 Qa5 10. a3 Re8 11. Nd2 e5 12. Bg5 Nd4 13. Qb1 Bf5 14. Bd3 Bxd3 15. Qxd3 Ne4 16. cxd5 Nxg5 17. h4 e4 18. Qb1 Ngf3+ 19. gxf3 Nxf3+ 20. Nxf3 exf3 21. Rh3 Bxe3 22. fxe3 Rxe3+ 23. Kf1 Rae8 24. Qf5 Qa6+ 25. Kg1 Qb6 26. Kh1 Re1+ 0-1

[Event "*** Titled Tuesday Blitz"]
[Site "Chess.com"]
[Date "2020.05.19"]
[Round "4"]
[White "ChronicUnhappiness"]
[Black "gvanna"]
[Result "0-1"]
[WhiteElo "2281"]
[BlackElo "2457"]
[TimeControl "180+1"]
[EndTime "12:39:59 PDT"]
[Termination "gvanna won by resignation"]

1. c4 c6 2. Nf3 d5 3. g3 Nf6 4.
Bg2 Bf5 5. O-O e6 6. cxd5 exd5 7.
Nc3 Be7 8. d3 O-O 9. h3 h6 10. Nd4 Bg6 11. e4 Nbd7 12. f4 Bc5 13. Be3 dxe4 14. dxe4 Re8 15. e5 Nxe5 16. fxe5 Rxe5 17.
Bf2 Qd6 18. Nb3 Bxf2+ 19. Rxf2 Qc7 20. Kh2 h5 21. Qd4 Rae8 22. Raf1 b6 23. Qh4 c5 24.
Rxf6 gxf6 25. Nd5 Rxd5 26. Bxd5 Re2+ 27. Kg1 Qe5 28. Bg2 Qe3+ 29. Kh1 Rxg2 30. Qf4 Qe2 31. g4 Be4 0-1

[Event "*** Titled Tuesday Blitz"]
[Site "Chess.com"]
[Date "2020.05.19"]
[Round "4"]
[White "TheCavemanChesss"]
[Black "silverback96"]
[Result "1-0"]
[WhiteElo "2546"]
[BlackElo "2318"]
[TimeControl "180+1"]
[EndTime "12:40:00 PDT"]
[Termination "TheCavemanChesss won by resignation"]

1. e4 e6 2. d4 d5 3. Nc3 Nf6 4. e5 Nfd7 5. f4 c5 6. Nf3 Nc6 7. Be3 Be7 8. Qd2 O-O 9. Bd3 a6 10. a3 b5 11. O-O f5 12. Kh1 Qb6 13. Qf2 cxd4 14. Nxd4 Bc5 15. Nxe6 Bxe3 16. Qg3 Rf7 17.
Nxd5 Qa5 18. b4 Qa4 19. Qxe3 a5 20. Nc3 Ndxe5 21. fxe5 Bxe6 22. Nxa4 bxa4 23. b5 Ne7 24. c4 Raf8 25. b6 f4 26. Qc5 f3 27.
Rxf3 Rxf3 28. gxf3 Ng6 29. Bxg6 hxg6 30. Qxf8+ 1-0

[Event "*** Titled Tuesday Blitz"]
[Site "Chess.com"]
[Date "2020.05.19"]
[Round "4"]
[White "katchesskat"]
[Black "Filip_Covic"]
[Result "1-0"]
[WhiteElo "2246"]
[BlackElo "2407"]
[TimeControl "180+1"]
[EndTime "12:40:00 PDT"]
[Termination "katchesskat won on time"]

1. c4 e5 2. e3 Nf6 3. a3 c6 4. Qc2 d5 5. d3 Be7 6. b4 O-O 7. Bb2 Nbd7 8. Nd2 Re8 9. Ngf3 Bf8 10. Be2 h6 11. h3 Bd6 12. c5 Bc7 13. e4 Nf8 14. g3 Ng6 15. h4 Bg4 16. Bf1 a5 17.
Bg2 axb4 18. axb4 Rxa1+ 19. Bxa1 Qd7 20. Bb2 Ra8 21. Qb3 dxe4 22. dxe4 Be6 23. Qc2 Ra2 24. Qb1 b6 25. h5 Ne7 26. O-O bxc5 27. bxc5 Ba5 28.
Rd1 Bxd2 29. Nxd2 Qc7 30. Nf3 Nd7 31. Bc3 Nxc5 32. Bxe5 Qb7 33. Rd8+ Kh7 34. Qc1 Nd7 35. Rh8+ Kxh8 36. Qxh6+ 1-0

[Event "*** Titled Tuesday Blitz"]
[Site "Chess.com"]
[Date "2020.05.19"]
[Round "4"]
[White "pastouche06"]
[Black "SameerMujumdar"]
[Result "0-1"]
[WhiteElo "2405"]
[BlackElo "2263"]
[TimeControl "180+1"]
[EndTime "12:40:01 PDT"]
[Termination "SameerMujumdar won by resignation"]

1. d4 Nf6 2. c4 g6 3. f3 Bg7 4. e4 O-O 5. Nc3 d6 6. Be3 c5 7.
Nge2 cxd4 8. Nxd4 Nc6 9. Be2 Nxd4 10. Bxd4 Be6 11. O-O Qa5 12. b3 Rfc8 13. Rc1 a6 14.
f4 b5 15. f5 Bd7 16. Bxf6 Bxf6 17. Nd5 Bg5 18. fxg6 hxg6 19. Rc2 Qd8 20. Qd4 Rab8 21. e5 Be6 22. Bf3 bxc4 23. bxc4 Bxd5 24. Bxd5 e6 25. Bf3 d5 26. Rd1 Qc7 27. c5 Qc6 28.
Rdc1 Bxc1 0-1

[Event "*** Titled Tuesday Blitz"]
[Site "Chess.com"]
[Date "2020.05.19"]
[Round "4"]
[White "doons21"]
[Black "martabartel"]
[Result "1-0"]
[WhiteElo "2544"]
[BlackElo "2312"]
[TimeControl "180+1"]
[EndTime "12:40:04 PDT"]
[Termination "doons21 won by resignation"]

1. e4 c5 2. c3 g6 3. d4 cxd4 4. cxd4 d5 5. e5 Bg7 6. h3 Nc6 7. Nf3 Nh6 8. Nc3 O-O 9. Bf4 f6 10. exf6 exf6 11. Qd2 Nf5 12. Bb5 Be6 13. Bxc6 bxc6 14.
Na4 Nd6 15. Bxd6 Qxd6 16. O-O Bf5 17. Nc5 Rab8 18. Rfe1 Rfe8 19. b3 g5 20. Rac1 g4 21.
hxg4 Bxg4 22. Nh2 Bh5 23. Nf1 Rxe1 24. Rxe1 Re8 25. Rxe8+ Bxe8 26. Qa5 f5 27. Qxa7 Bxd4 28. Qa8 Qxc5 29. Qxe8+ Kg7 30. Qd7+ Kg8 31. Qxf5 Qc3 32. g3 Kg7 33. Kg2 Qb2 34. Nh2 Qxa2 35. Qg4+ 1-0

[Event "*** Titled Tuesday Blitz"]
[Site "Chess.com"]
[Date "2020.05.19"]
[Round "4"]
[White "AsaHoffmann"]
[Black "peixe64"]
[Result "1-0"]
[WhiteElo "2393"]
[BlackElo "2245"]
[TimeControl "180+1"]
[EndTime "12:40:05 PDT"]
[Termination "AsaHoffmann won by resignation"]

1. d4 Nf6 2. Bg5 Ne4 3. Bf4 d5 4. f3 Nf6 5. e4 dxe4 6. Nc3 exf3 7. Nxf3 e6 8. Bc4 Bd6 9. Ne5 O-O 10. Qe2 a6 11.
O-O-O b5 12. Bd3 Bb7 13. Ne4 Nbd7 14. Rhf1 Nd5 15. Bg3 f6 16. Nf3 Bf4+ 17. Kb1 Re8 18. a3 c6 19. c4 bxc4 20. Bxc4 Bxg3 21. hxg3 Rb8 22. g4 N7b6 23. Ba2 Bc8 24. Ka1 Na4 25. Rb1 Qa5 26. Qd2 Qxd2 27. Nfxd2 Bd7 28. Rfc1 Rec8 29.
b3 Nab6 30. Nc5 a5 31. Re1 Kf7 32. Nde4 Ke7 33. g5 f5 34. Nd2 Nf4 35. g3 Ng6 36. b4 Nd5 37. Bxd5 cxd5 38. bxa5 Ra8 39. a6 Rc6 40.
Rb7 Rd6 41. Ndb3 Nf8 42. a7 Kd8 43. Rb8+ Kc7 44. Rxa8 1-0

[Event "*** Titled Tuesday Blitz"]
[Site "Chess.com"]
[Date "2020.05.19"]
[Round "4"]
[White "chessplayer9919"]
[Black "chessdjw"]
[Result "0-1"]
[WhiteElo "2493"]
[BlackElo "2706"]
[TimeControl "180+1"]
[EndTime "12:40:06 PDT"]
[Termination "chessdjw won by checkmate"]

1. d4 Nf6 2. c4 g6 3. Nc3 d5 4.
cxd5 Nxd5 5. e4 Nxc3 6. bxc3 Bg7 7. Bc4 c5 8. Ne2 Nc6 9. Be3 O-O 10. O-O b6 11.
dxc5 Qc7 12. Nd4 Ne5 13. Nb5 Qb8 14. Be2 a6 15. Na3 bxc5 16. Rb1 Qc7 17. f4 Rd8 18. Qc2 Ng4 19. Bxg4 Bxg4 20. f5 gxf5 21. h3 Bh5 22. exf5 c4 23. Bb6 Qg3 24. Bxd8 Rxd8 25. Nxc4 Bxc3 26.
Rb3 Rd3 27. Nb2 Bf3 28. Qf2 Bd4 29. Rxd3 Qxg2# 0-1

[Event "*** Titled Tuesday Blitz"]
[Site "Chess.com"]
[Date "2020.05.19"]
[Round "4"]
[White "Feegus"]
[Black "VladimirBugayev"]
[Result "1-0"]
[WhiteElo "2454"]
[BlackElo "2277"]
[TimeControl "180+1"]
[EndTime "12:40:06 PDT"]
[Termination "Feegus won by checkmate"]

1. Nf3 d5 2. g3 c6 3. Bg2 Bf5 4.
c4 e6 5. Qb3 Qb6 6. d3 Nf6 7. Be3 Qxb3 8. axb3 a6 9. Nbd2 Nbd7 10. O-O Bb4 11. Bd4 e5 12. Bc3 Bd6 13. e4 dxe4 14. dxe4 Nxe4 15. Nxe4 Bxe4 16. Nxe5 Bxg2 17. Rfe1 Bxe5 18. Kxg2 f6 19. f4 O-O-O 20. fxe5 Nxe5 21. Bxe5 Rd2+ 22. Kh3 fxe5 23. Rxe5 Rf8 24. Rae1 Rff2 25. Re8+ Kc7 26. R8e7+ Kb6 27. Rxg7 h5 28. Kh4 Rxh2+ 29.
Kg5 Rdg2 30. Kh6 h4 31. g4 h3 32. Ree7 Rg3 33. b4 a5 34. Rxb7+ Ka6 35. b5+ cxb5 36. cxb5# 1-0